Predators vs BlackHawks

Created - 21 décembre 2020 at 22:08

Goals
1 2 3 T
Predators 1 0 2 3
BlackHawks 0 0 2 2
Shots
1 2 3 T
Predators 6 14 9 29
BlackHawks 11 11 19 41

1st period

1. Predators , Thomas Chabot 4 (Evgeny Kuznetsov 15) at 9:43 (PP)

Penalties :
J.T. Miller (NSH) for Tripping (Minor) at 0:35, Nikita Zadorov (NSH) for Hooking (Minor) at 6:07, Ben Hutton (CHI) for Hooking (Minor) at 9:01, Justin Faulk (CHI) for Holding (Minor) at 10:04, Alexander Kerfoot (NSH) for Interference (Minor) at 10:04, J.T. Miller (NSH) for Holding Stick (Minor) at 15:34

2nd period

No Goal

Penalties :
John Marino (CHI) for Holding (Minor) at 14:43

3rd period

2. BlackHawks , Kyle Palmieri 11 (Phillip Danault 16, Scott Laughton 11) at 1:02
3. BlackHawks , Jaden Schwartz 12 (Adam Larsson 4, Erik Johnson 10) at 1:45 (PP)
4. Predators , Roman Josi 5 (Kyle Connor 6, Evgeny Kuznetsov 16) at 11:36 (PP)
5. Predators , Shea Theodore 1 (J.T. Miller 14, Max Pacioretty 9) at 18:16

Penalties :
Alex Tuch (NSH) for Roughing (Minor) at 1:06, Roman Josi (NSH) for Hooking (Minor) at 4:37, Jaden Schwartz (CHI) for Roughing (Minor) at 7:21, Anze Kopitar (CHI) for Cross-checking (Minor) at 11:22, J.T. Miller (NSH) for Hooking (Minor) at 19:59

Goalie Stats

Devan Dubnyk (NSH), 39 saves from 41 shots - (0,951), W, 6-9-2, 60:00 minutes
Jacob Markstrom (CHI), 26 saves from 29 shots - (0,897), L, 12-14-1, 59:04 minutes

Players Stats for Predators

Player Name              G  A  P  +/- PIM S  H  SB GA TA FO     MP     PP MP  PK MP  
------------------------------------------------------------------------------------
Alex Tuch                0  0  0   0  2   0  4  0  0  0  0/0    11:45   0:00   0:18 
Alexander Kerfoot        0  0  0   0  2   1  3  0  0  0  1/3    14:40   0:00   3:13 
Brendan Smith            0  0  0   0  0   0  0  0  0  0  0/2     8:36   0:00   5:18 
Colton Sissons           0  0  0   0  0   0  0  0  0  0  3/5     3:31   0:00   0:10 
Evgeny Kuznetsov         0  2  2  -1  0   1  2  0  0  0  18/34  16:42   2:07   0:00 
J.T. Compher             0  0  0   0  0   2  0  0  0  0  8/24   15:20   0:00   2:45 
J.T. Miller              0  1  1   1  6   2  3  0  0  0  17/30  21:25   2:47   2:41 
Kyle Connor              0  1  1  -1  0   3  1  0  0  0  0/1    15:53   2:07   0:00 
Max Pacioretty           0  1  1   1  0   2  4  0  0  0  1/3    22:21   2:47   2:45 
Nikita Zadorov           0  0  0   1  2   0  3  0  0  0  0/0    12:33   0:00   1:23 
Oliver Ekman-Larsson     0  0  0   0  0   3  3  1  0  0  0/0    23:59   3:00   4:50 
Oscar Klefbom            0  0  0   0  0   1  0  1  0  0  0/0    19:21   1:54   3:45 
Roman Josi               1  0  1  -1  2   3  5  1  0  0  0/0    27:21   3:00   3:27 
Shea Theodore            1  0  1   1  0   2  0  2  0  0  0/0    11:54   0:00   0:00 
Steven Stamkos           0  0  0   1  0   2  2  0  0  0  1/2    19:57   2:47   0:00 
Thomas Chabot            1  0  1  -1  0   3  1  4  0  0  0/0    24:50   1:54   3:45 
Tyler Pitlick            0  0  0   0  0   2  1  0  0  0  0/0     3:18   0:00   0:00 
Victor Olofsson          0  0  0  -1  0   2  0  0  0  0  0/2    15:53   2:07   0:00 

Players Stats for BlackHawks

Player Name              G  A  P  +/- PIM S  H  SB GA TA FO     MP     PP MP  PK MP  
------------------------------------------------------------------------------------
Adam Larsson             0  1  1   0  0   2  1  1  0  0  0/0    17:20   1:54   0:10 
Anze Kopitar             0  0  0   0  2   5  3  0  0  0  28/42  26:44   4:17   3:23 
Ben Hutton               0  0  0  -1  2   0  0  0  0  0  0/0     7:08   0:12   0:00 
Brandon Carlo            0  0  0   1  0   2  2  1  0  0  0/0    21:58   4:08   1:53 
Erik Johnson             0  1  1   0  0   2  2  2  0  0  0/0    25:03   4:15   3:01 
Ivan Barbashev           0  0  0   0  0   1  0  0  0  0  2/5     2:12   0:00   0:51 
Jaden Schwartz           1  0  1   0  2   8  2  1  0  0  0/3    22:31   4:17   0:54 
Jake Virtanen            0  0  0   0  0   2  1  1  0  0  0/0    13:24   0:12   0:00 
Jared McCann             0  0  0   0  0   0  0  0  0  0  10/19  13:24   0:12   0:00 
John Marino              0  0  0  -1  2   1  1  1  0  0  0/0     6:56   0:00   0:00 
Johnny Boychuk           0  0  0   0  0   0  0  0  0  0  0/0     9:08   0:00   2:26 
Justin Faulk             0  0  0   1  2   4  2  3  0  0  0/0    20:24   4:08   1:53 
Kyle Palmieri            1  0  1   0  0   2  3  0  0  0  1/3    17:32   4:06   0:00 
Lawson Crouse            0  0  0   0  0   3  2  0  0  0  0/0    13:27   0:12   0:00 
Phil Kessel              0  0  0   0  0   1  1  0  0  0  0/1    22:55   4:17   1:17 
Phillip Danault          0  1  1   0  0   4  1  0  0  0  14/29  23:24   4:06   3:23 
Ryan Ellis               0  0  0   0  0   0  0  0  0  0  0/0    12:00   2:33   0:25 
Scott Laughton           0  1  1   0  0   4  5  0  0  0  2/4    17:32   4:06   0:00 

3 Stars

1 - Devan Dubnyk (NSH)
2 - Shea Theodore (NSH)
3 - Max Pacioretty (NSH)

Power Play

Predators - 2 on 4 Attempt(s) - 50,00%
BlackHawks - 1 on 6 Attempt(s) - 16,67%

Penalty Kill

Predators - 5 on 6 Attempt(s) - 83,33% - Score 0 goal in Penalty Kill
BlackHawks - 2 on 4 Attempt(s) - 50,00% - Score 0 goal in Penalty Kill

Team Stat

Predators - Hits : 32 - Faceoff Wins : 49 - Blocked Shots : 9 - Penalty Minutes : 14
BlackHawks - Hits : 26 - Faceoff Wins : 57 - Blocked Shots : 10 - Penalty Minutes : 10

Official

Referees : Steve Kozari and Ian Walsh
Linesman : Scott Driscoll and Vaughan Rody

Game Notes

Ryan Ellis is injured at 9:53 of 2nd period (Left Knee)

Finance

Level 1 -- Attendance: 2933 (45,12%) -- Ticket Income 733 250 $
Level 2 -- Attendance: 1923 (38,46%) -- Ticket Income 384 600 $
Level 3 -- Attendance: 1090 (31,14%) -- Ticket Income 190 750 $
Level 4 -- Attendance: 776 (20,88%) -- Ticket Income 116 400 $
Luxury Box -- Attendance: 489 (48,90%) -- Ticket Income 195 600 $
Game was played at the United Center.
Total Attendance: 7211 (36,57%)
Total Ticket Income: 1 620 600 $
Other Income: 794 094 $
Total Income: 2 414 694 $

% Time on Ice - Predators

Lines # - Real PCT - Wanted PCT - Time Play
Normal Forward
1 - 35% - 34% - 15:17
2 - 31% - 31% - 13:46
3 - 26% - 25% - 11:28
4 - 8% - 10% - 3:18
Normal Defense
1 - 42% - 40% - 18:19
2 - 29% - 30% - 12:50
3 - 26% - 20% - 11:11
4 - 3% - 10% - 1:29
PP Forward
1 - 57% - 60% - 2:47
2 - 43% - 40% - 2:07
PP Defense
1 - 61% - 60% - 3:00
2 - 39% - 40% - 1:54
PK Forward
1 - 68% - 60% - 5:50
2 - 32% - 40% - 2:45
PK Defense
1 - 56% - 60% - 4:50
2 - 44% - 40% - 3:45
PK3 Forward
1 - 0% - 60%
2 - 0% - 40%
PK3 Defense
1 - 0% - 60%
2 - 0% - 40%
44 Forward
1 - 59% - 60% - 1:10
2 - 41% - 40% - 0:49
44 Defense
1 - 56% - 60% - 1:07
2 - 44% - 40% - 0:52
Last Minute Offensive  - 0:00
Last Minute Defensive  - 0:43
Total
Forward - 60:00
Defense - 60:00

% Time on Ice - BlackHawks

Lines # - Real PCT - Wanted PCT - Time Play
Normal Forward
1 - 37% - 40% - 16:12
2 - 30% - 30% - 13:26
3 - 30% - 20% - 13:12
4 - 3% - 10% - 1:14
Normal Defense
1 - 38% - 40% - 16:53
2 - 33% - 30% - 14:24
3 - 13% - 20% - 5:50
4 - 16% - 10% - 6:57
PP Forward
1 - 50% - 60% - 4:17
2 - 50% - 40% - 4:18
PP Defense
1 - 50% - 60% - 4:15
2 - 50% - 40% - 4:20
PK Forward
1 - 74% - 60% - 3:37
2 - 26% - 40% - 1:17
PK Defense
1 - 62% - 60% - 3:01
2 - 38% - 40% - 1:53
PK3 Forward
1 - 0% - 60%
2 - 0% - 40%
PK3 Defense
1 - 0% - 60%
2 - 0% - 40%
44 Forward
1 - 66% - 60% - 1:18
2 - 34% - 40% - 0:41
44 Defense
1 - 45% - 60% - 0:54
2 - 55% - 40% - 1:05
Last Minute Offensive  - 0:28
Last Minute Defensive  - 0:00
Total
Forward - 60:00
Defense - 60:00

Play-by-Play

1st period


0:01 of 1st period - Anze Kopitar wins face-off versus J.T. Miller in neutral zone.
0:21 of 1st period - Anze Kopitar is hit by Roman Josi and loses puck.
0:35 of 1st period - Minor Penalty to J.T. Miller for Tripping.
0:36 of 1st period - Alexander Kerfoot wins face-off versus Phillip Danault in Predators zone.
0:44 of 1st period - Off-side.
0:45 of 1st period - Phillip Danault wins face-off versus Alexander Kerfoot in neutral zone.
1:02 of 1st period - Shot by Brandon Carlo.
1:02 of 1st period - Shot Blocked by Oliver Ekman-Larsson.
1:04 of 1st period - Shot by Justin Faulk.
1:04 of 1st period - Stopped by Devan Dubnyk without a rebound.
1:05 of 1st period - Anze Kopitar wins face-off versus J.T. Compher in Predators zone.
2:28 of 1st period - Shot by Kyle Palmieri.
2:28 of 1st period - Shot Misses the Net.
2:40 of 1st period - Shot by Victor Olofsson.
2:40 of 1st period - Stopped by Jacob Markstrom without a rebound.
2:41 of 1st period - Evgeny Kuznetsov wins face-off versus Jared McCann in BlackHawks zone.
3:30 of 1st period - Shot by Jaden Schwartz.
3:30 of 1st period - Shot Blocked by Shea Theodore.
3:32 of 1st period - Shot by Erik Johnson.
3:32 of 1st period - Shot Misses the Net.
3:38 of 1st period - Shot by Jaden Schwartz.
3:38 of 1st period - Shot Misses the Net.
3:46 of 1st period - Shot by Phil Kessel.
3:46 of 1st period - Shot Misses the Net.
3:48 of 1st period - Shot by Anze Kopitar.
3:48 of 1st period - Deflect By Jaden Schwartz.
3:48 of 1st period - Stopped by Devan Dubnyk without a rebound.
3:49 of 1st period - Phillip Danault wins face-off versus J.T. Miller in Predators zone.
3:52 of 1st period - Shot by Kyle Palmieri.
3:52 of 1st period - Shot Misses the Net.
3:54 of 1st period - Shot by Phillip Danault.
3:54 of 1st period - Stopped by Devan Dubnyk without a rebound.
3:55 of 1st period - J.T. Compher wins face-off versus Phillip Danault in Predators zone.
3:55 of 1st period - J.T. Compher is hit by Kyle Palmieri.
6:07 of 1st period - Minor Penalty to Nikita Zadorov for Hooking.
6:08 of 1st period - Phillip Danault wins face-off versus J.T. Miller in Predators zone.
6:37 of 1st period - Shot by Brandon Carlo.
6:37 of 1st period - Stopped by Devan Dubnyk with a rebound.
6:39 of 1st period - Shot by Justin Faulk.
6:39 of 1st period - Stopped by Devan Dubnyk without a rebound.
6:40 of 1st period - J.T. Compher wins face-off versus Phillip Danault in Predators zone.
6:45 of 1st period - Brandon Carlo is hit by Max Pacioretty.
8:15 of 1st period - Jared McCann is hit by Nikita Zadorov and loses puck.
8:27 of 1st period - Kyle Connor is hit by Lawson Crouse and loses puck.
8:38 of 1st period - Icing by Nikita Zadorov.
8:39 of 1st period - Evgeny Kuznetsov wins face-off versus Ivan Barbashev in Predators zone.
8:41 of 1st period - Icing by Shea Theodore.
8:42 of 1st period - Phillip Danault wins face-off versus Evgeny Kuznetsov in Predators zone.
8:42 of 1st period - Phillip Danault is hit by Nikita Zadorov.
8:49 of 1st period - Kyle Palmieri is hit by Nikita Zadorov and loses puck.
9:01 of 1st period - Minor Penalty to Ben Hutton for Hooking.
9:02 of 1st period - Anze Kopitar wins face-off versus Max Pacioretty in BlackHawks zone.
9:02 of 1st period - Anze Kopitar is hit by J.T. Miller.
9:14 of 1st period - Anze Kopitar is hit by Max Pacioretty and loses puck.
9:19 of 1st period - Shot by Roman Josi.
9:19 of 1st period - Shot Misses the Net.
9:21 of 1st period - Shot by Roman Josi.
9:21 of 1st period - Shot Misses the Net.
9:23 of 1st period - Shot by Max Pacioretty.
9:23 of 1st period - Shot Misses the Net.
9:41 of 1st period - Shot by Roman Josi.
9:41 of 1st period - Stopped by Jacob Markstrom without a rebound.
9:42 of 1st period - Evgeny Kuznetsov wins face-off versus Anze Kopitar in BlackHawks zone.
9:43 of 1st period - Shot by Thomas Chabot.
9:43 of 1st period - Goal by Thomas Chabot - Predators : 1 - BlackHawks : 0.
9:44 of 1st period - Jared McCann wins face-off versus J.T. Compher in neutral zone.
9:44 of 1st period - Jake Virtanen is hit by Alex Tuch and loses puck.
9:57 of 1st period - Shot by J.T. Compher.
9:57 of 1st period - Shot Blocked by Justin Faulk.
10:04 of 1st period - Minor Penalty to Justin Faulk for Holding.
10:04 of 1st period - Minor Penalty to Alexander Kerfoot for Interference.
10:05 of 1st period - Anze Kopitar wins face-off versus J.T. Compher in BlackHawks zone.
10:05 of 1st period - Anze Kopitar is hit by Steven Stamkos.
10:16 of 1st period - Ryan Ellis is hit by Roman Josi and loses puck.
10:36 of 1st period - Phillip Danault is hit by Oliver Ekman-Larsson and loses puck.
11:26 of 1st period - Shot by Evgeny Kuznetsov.
11:26 of 1st period - Shot Misses the Net.
11:34 of 1st period - Shot by Phil Kessel.
11:34 of 1st period - Stopped by Devan Dubnyk with a rebound.
11:36 of 1st period - Shot by Adam Larsson.
11:36 of 1st period - Stopped by Devan Dubnyk without a rebound.
11:37 of 1st period - Steven Stamkos wins face-off versus Anze Kopitar in Predators zone.
12:00 of 1st period - Shot by Steven Stamkos.
12:00 of 1st period - Deflect By J.T. Compher.
12:00 of 1st period - Stopped by Jacob Markstrom without a rebound.
12:01 of 1st period - Anze Kopitar wins face-off versus Colton Sissons in BlackHawks zone.
14:13 of 1st period - Shot by Max Pacioretty.
14:13 of 1st period - Stopped by Jacob Markstrom without a rebound.
14:14 of 1st period - J.T. Compher wins face-off versus Ivan Barbashev in BlackHawks zone.
14:14 of 1st period - J.T. Compher is hit by Adam Larsson.
14:22 of 1st period - Shot by J.T. Compher.
14:22 of 1st period - Shot Blocked by Adam Larsson.
14:38 of 1st period - Shot by Phillip Danault.
14:38 of 1st period - Shot Misses the Net.
15:05 of 1st period - Jake Virtanen is hit by J.T. Miller and loses puck.
15:18 of 1st period - Jake Virtanen is hit by Max Pacioretty and loses puck.
15:34 of 1st period - Minor Penalty to J.T. Miller for Holding Stick.
15:35 of 1st period - Anze Kopitar wins face-off versus Alexander Kerfoot in Predators zone.
15:36 of 1st period - Shot by Ryan Ellis.
15:36 of 1st period - Shot Misses the Net.
15:38 of 1st period - Shot by Erik Johnson.
15:38 of 1st period - Shot Misses the Net.
15:40 of 1st period - Shot by Anze Kopitar.
15:40 of 1st period - Shot Misses the Net.
15:54 of 1st period - Shot by Jaden Schwartz.
15:54 of 1st period - Shot Misses the Net.
15:56 of 1st period - Shot by Anze Kopitar.
15:56 of 1st period - Shot Misses the Net.
15:58 of 1st period - Shot by Anze Kopitar.
15:58 of 1st period - Stopped by Devan Dubnyk without a rebound.
15:59 of 1st period - Phillip Danault wins face-off versus Colton Sissons in Predators zone.
16:14 of 1st period - Shot by Phillip Danault.
16:14 of 1st period - Shot Blocked by Thomas Chabot.
16:29 of 1st period - Icing by Phillip Danault.
16:30 of 1st period - Phillip Danault wins face-off versus J.T. Compher in BlackHawks zone.
16:39 of 1st period - Shot by Phillip Danault.
16:39 of 1st period - Shot Misses the Net.
16:41 of 1st period - Shot by Scott Laughton.
16:41 of 1st period - Stopped by Devan Dubnyk without a rebound.
16:42 of 1st period - Anze Kopitar wins face-off versus Brendan Smith in Predators zone.
17:44 of 1st period - Shot by Kyle Connor.
17:44 of 1st period - Stopped by Jacob Markstrom without a rebound.
17:45 of 1st period - Phillip Danault wins face-off versus Evgeny Kuznetsov in BlackHawks zone.
17:50 of 1st period - Roman Josi is hit by Kyle Palmieri and loses puck.
18:16 of 1st period - Scott Laughton is hit by Thomas Chabot and loses puck.
18:21 of 1st period - Shot by Scott Laughton.
18:21 of 1st period - Stopped by Devan Dubnyk without a rebound.
18:22 of 1st period - Jared McCann wins face-off versus J.T. Miller in Predators zone.
18:33 of 1st period - Shot by Jake Virtanen.
18:33 of 1st period - Shot Misses the Net.
18:48 of 1st period - Shot by Jared McCann.
18:48 of 1st period - Deflect By Jake Virtanen.
18:48 of 1st period - Shot Misses the Net.
18:50 of 1st period - Shot by Lawson Crouse.
18:50 of 1st period - Stopped by Devan Dubnyk without a rebound.
18:51 of 1st period - J.T. Compher wins face-off versus Anze Kopitar in Predators zone.
18:51 of 1st period - J.T. Compher is hit by Anze Kopitar.
19:50 of 1st period - Thomas Chabot is hit by Erik Johnson and loses puck.
19:54 of 1st period - Icing by Erik Johnson.
19:55 of 1st period - J.T. Miller wins face-off versus Scott Laughton in BlackHawks zone.
Goals for this period are 1 for Predators vs 0 for BlackHawks.
Shots for this period are 6 for Predators vs 11 for BlackHawks.

2nd period


0:01 of 2nd period - J.T. Miller wins face-off versus Anze Kopitar in neutral zone.
0:27 of 2nd period - Shot by Steven Stamkos.
0:27 of 2nd period - Shot Blocked by Erik Johnson.
0:29 of 2nd period - Shot by Steven Stamkos.
0:29 of 2nd period - Deflect By J.T. Miller.
0:29 of 2nd period - Stopped by Jacob Markstrom with a rebound.
0:31 of 2nd period - Shot by Steven Stamkos.
0:31 of 2nd period - Stopped by Jacob Markstrom without a rebound.
0:32 of 2nd period - Phillip Danault wins face-off versus J.T. Compher in BlackHawks zone.
0:34 of 2nd period - Icing by Brandon Carlo.
0:35 of 2nd period - J.T. Compher wins face-off versus Phillip Danault in BlackHawks zone.
0:58 of 2nd period - Oscar Klefbom is hit by Scott Laughton and loses puck.
2:19 of 2nd period - Icing by Phillip Danault.
2:20 of 2nd period - Colton Sissons wins face-off versus Phillip Danault in BlackHawks zone.
2:35 of 2nd period - Shot by Tyler Pitlick.
2:35 of 2nd period - Stopped by Jacob Markstrom without a rebound.
2:36 of 2nd period - Evgeny Kuznetsov wins face-off versus Anze Kopitar in BlackHawks zone.
2:52 of 2nd period - Evgeny Kuznetsov is hit by Erik Johnson and loses puck.
3:01 of 2nd period - Shot by Kyle Connor.
3:01 of 2nd period - Stopped by Jacob Markstrom without a rebound.
3:02 of 2nd period - J.T. Miller wins face-off versus Jared McCann in BlackHawks zone.
3:11 of 2nd period - Shot by Steven Stamkos.
3:11 of 2nd period - Stopped by Jacob Markstrom without a rebound.
3:12 of 2nd period - Anze Kopitar wins face-off versus J.T. Compher in BlackHawks zone.
4:14 of 2nd period - Icing by J.T. Miller.
4:15 of 2nd period - J.T. Miller wins face-off versus Jared McCann in Predators zone.
4:46 of 2nd period - Shot by J.T. Miller.
4:46 of 2nd period - Shot Blocked by Jake Virtanen.
4:48 of 2nd period - Shot by Oliver Ekman-Larsson.
4:48 of 2nd period - Stopped by Jacob Markstrom without a rebound.
4:49 of 2nd period - Ivan Barbashev wins face-off versus Victor Olofsson in BlackHawks zone.
4:49 of 2nd period - Ivan Barbashev is hit by Evgeny Kuznetsov.
4:55 of 2nd period - Off-side.
4:56 of 2nd period - Evgeny Kuznetsov wins face-off versus Phillip Danault in neutral zone.
4:56 of 2nd period - Evgeny Kuznetsov is hit by Scott Laughton.
5:02 of 2nd period - Justin Faulk is hit by Kyle Connor and loses puck.
5:40 of 2nd period - Icing by Roman Josi.
5:41 of 2nd period - Anze Kopitar wins face-off versus Evgeny Kuznetsov in Predators zone.
6:02 of 2nd period - Shot by Anze Kopitar.
6:02 of 2nd period - Shot Blocked by Roman Josi.
6:06 of 2nd period - Shot by Jaden Schwartz.
6:06 of 2nd period - Stopped by Devan Dubnyk without a rebound.
6:07 of 2nd period - Jared McCann wins face-off versus J.T. Miller in Predators zone.
6:12 of 2nd period - Shot by Jared McCann.
6:12 of 2nd period - Shot Misses the Net.
6:22 of 2nd period - Shot by Jake Virtanen.
6:22 of 2nd period - Shot Misses the Net.
7:07 of 2nd period - Shot by Anze Kopitar.
7:07 of 2nd period - Shot Misses the Net.
7:11 of 2nd period - Shot by Phil Kessel.
7:11 of 2nd period - Shot Misses the Net.
7:13 of 2nd period - Shot by Anze Kopitar.
7:13 of 2nd period - Stopped by Devan Dubnyk without a rebound.
7:14 of 2nd period - J.T. Compher wins face-off versus Phillip Danault in Predators zone.
7:14 of 2nd period - J.T. Compher is hit by Phillip Danault.
7:20 of 2nd period - Shot by Kyle Palmieri.
7:20 of 2nd period - Deflect By Phillip Danault.
7:20 of 2nd period - Stopped by Devan Dubnyk without a rebound.
7:21 of 2nd period - Anze Kopitar wins face-off versus J.T. Compher in Predators zone.
7:36 of 2nd period - Shot by Roman Josi.
7:36 of 2nd period - Shot Misses the Net.
7:54 of 2nd period - J.T. Compher is hit by Anze Kopitar.
8:18 of 2nd period - Justin Faulk is hit by Roman Josi and loses puck.
8:21 of 2nd period - Shot by Phillip Danault.
8:21 of 2nd period - Shot Hit the Post.
8:23 of 2nd period - Shot by Scott Laughton.
8:23 of 2nd period - Deflect By Kyle Palmieri.
8:23 of 2nd period - Stopped by Devan Dubnyk without a rebound.
8:24 of 2nd period - Jared McCann wins face-off versus Evgeny Kuznetsov in Predators zone.
8:27 of 2nd period - Shot by Jake Virtanen.
8:27 of 2nd period - Shot Misses the Net.
8:33 of 2nd period - Shot by Jake Virtanen.
8:33 of 2nd period - Stopped by Devan Dubnyk without a rebound.
8:34 of 2nd period - Phillip Danault wins face-off versus Steven Stamkos in Predators zone.
8:43 of 2nd period - Icing by Oscar Klefbom.
8:44 of 2nd period - Jared McCann wins face-off versus Max Pacioretty in Predators zone.
8:58 of 2nd period - Icing by Oscar Klefbom.
8:59 of 2nd period - Anze Kopitar wins face-off versus J.T. Miller in Predators zone.
8:59 of 2nd period - Anze Kopitar is hit by Oliver Ekman-Larsson.
9:05 of 2nd period - Shot by Jaden Schwartz.
9:05 of 2nd period - Stopped by Devan Dubnyk without a rebound.
9:06 of 2nd period - Evgeny Kuznetsov wins face-off versus Anze Kopitar in Predators zone.
9:13 of 2nd period - Anze Kopitar is hit by Evgeny Kuznetsov and loses puck.
9:28 of 2nd period - Shot by Jaden Schwartz.
9:28 of 2nd period - Stopped by Devan Dubnyk without a rebound.
9:29 of 2nd period - J.T. Miller wins face-off versus Kyle Palmieri in Predators zone.
9:29 of 2nd period - J.T. Miller is hit by Scott Laughton.
9:39 of 2nd period - Shot by J.T. Miller.
9:39 of 2nd period - Shot Blocked by Justin Faulk.
9:41 of 2nd period - Shot by Steven Stamkos.
9:41 of 2nd period - Deflect By Max Pacioretty.
9:41 of 2nd period - Stopped by Jacob Markstrom without a rebound.
9:42 of 2nd period - Colton Sissons wins face-off versus Anze Kopitar in BlackHawks zone.
9:52 of 2nd period - Ryan Ellis is hit by Tyler Pitlick and loses puck.
9:53 of 2nd period - Ryan Ellis from BlackHawks is injured at 9:53 of 2nd period (Left Knee).
9:54 of 2nd period - J.T. Miller wins face-off versus Phillip Danault in neutral zone.
9:57 of 2nd period - Scott Laughton is hit by J.T. Miller and loses puck.
10:03 of 2nd period - Off-side.
10:04 of 2nd period - Anze Kopitar wins face-off versus Evgeny Kuznetsov in neutral zone.
10:15 of 2nd period - Shot by Phil Kessel.
10:15 of 2nd period - Shot Misses the Net.
10:17 of 2nd period - Shot by Anze Kopitar.
10:17 of 2nd period - Shot Misses the Net.
10:19 of 2nd period - Shot by Jaden Schwartz.
10:19 of 2nd period - Stopped by Devan Dubnyk without a rebound.
10:20 of 2nd period - J.T. Miller wins face-off versus Phillip Danault in Predators zone.
10:37 of 2nd period - Oliver Ekman-Larsson is hit by Scott Laughton and loses puck.
11:21 of 2nd period - Evgeny Kuznetsov is hit by Brandon Carlo and loses puck.
11:32 of 2nd period - Shot by Kyle Connor.
11:32 of 2nd period - Stopped by Jacob Markstrom without a rebound.
11:33 of 2nd period - Anze Kopitar wins face-off versus J.T. Compher in BlackHawks zone.
11:33 of 2nd period - Anze Kopitar is hit by Alex Tuch.
11:52 of 2nd period - Icing by Adam Larsson.
11:53 of 2nd period - Anze Kopitar wins face-off versus Evgeny Kuznetsov in BlackHawks zone.
12:03 of 2nd period - Anze Kopitar is hit by Roman Josi and loses puck.
12:11 of 2nd period - Icing by Kyle Connor.
12:12 of 2nd period - Jared McCann wins face-off versus Evgeny Kuznetsov in Predators zone.
12:13 of 2nd period - Shot by Jake Virtanen.
12:13 of 2nd period - Shot Misses the Net.
12:18 of 2nd period - Icing by Roman Josi.
12:19 of 2nd period - Evgeny Kuznetsov wins face-off versus Jared McCann in Predators zone.
12:19 of 2nd period - Evgeny Kuznetsov is hit by Lawson Crouse.
12:58 of 2nd period - Icing by Thomas Chabot.
12:59 of 2nd period - Evgeny Kuznetsov wins face-off versus Anze Kopitar in Predators zone.
12:59 of 2nd period - Evgeny Kuznetsov is hit by Anze Kopitar.
13:47 of 2nd period - Icing by Oliver Ekman-Larsson.
13:48 of 2nd period - J.T. Miller wins face-off versus Phillip Danault in Predators zone.
14:43 of 2nd period - Minor Penalty to John Marino for Holding.
14:44 of 2nd period - Evgeny Kuznetsov wins face-off versus Anze Kopitar in BlackHawks zone.
14:45 of 2nd period - Shot by Roman Josi.
14:45 of 2nd period - Stopped by Jacob Markstrom with a rebound.
14:47 of 2nd period - Shot by Roman Josi.
14:47 of 2nd period - Shot Misses the Net.
15:03 of 2nd period - Shot by Kyle Connor.
15:03 of 2nd period - Shot Blocked by Erik Johnson.
15:16 of 2nd period - Shot by Oliver Ekman-Larsson.
15:16 of 2nd period - Stopped by Jacob Markstrom without a rebound.
15:17 of 2nd period - Max Pacioretty wins face-off versus Jaden Schwartz in BlackHawks zone.
15:22 of 2nd period - Shot by Oscar Klefbom.
15:22 of 2nd period - Shot Misses the Net.
15:40 of 2nd period - Shot by Oscar Klefbom.
15:40 of 2nd period - Stopped by Jacob Markstrom without a rebound.
15:41 of 2nd period - Evgeny Kuznetsov wins face-off versus Anze Kopitar in BlackHawks zone.
16:04 of 2nd period - Shot by Oliver Ekman-Larsson.
16:04 of 2nd period - Stopped by Jacob Markstrom without a rebound.
16:05 of 2nd period - J.T. Miller wins face-off versus Jaden Schwartz in BlackHawks zone.
16:22 of 2nd period - Shot by Steven Stamkos.
16:22 of 2nd period - Deflect By Max Pacioretty.
16:22 of 2nd period - Shot Misses the Net.
16:24 of 2nd period - Shot by Thomas Chabot.
16:24 of 2nd period - Stopped by Jacob Markstrom with a rebound.
16:38 of 2nd period - Shot by Thomas Chabot.
16:38 of 2nd period - Shot Blocked by Justin Faulk.
16:40 of 2nd period - Shot by Thomas Chabot.
16:40 of 2nd period - Stopped by Jacob Markstrom without a rebound.
16:41 of 2nd period - Evgeny Kuznetsov wins face-off versus Anze Kopitar in BlackHawks zone.
17:03 of 2nd period - Lawson Crouse is hit by Alexander Kerfoot and loses puck.
17:51 of 2nd period - Shot by Ivan Barbashev.
17:51 of 2nd period - Stopped by Devan Dubnyk without a rebound.
17:52 of 2nd period - Evgeny Kuznetsov wins face-off versus Phil Kessel in Predators zone.
17:52 of 2nd period - Thomas Chabot is hit by Phil Kessel and loses puck.
18:03 of 2nd period - Shot by Justin Faulk.
18:03 of 2nd period - Shot Blocked by Thomas Chabot.
18:15 of 2nd period - Shot by Phil Kessel.
18:15 of 2nd period - Shot Blocked by Thomas Chabot.
18:17 of 2nd period - Shot by Justin Faulk.
18:17 of 2nd period - Shot Misses the Net.
18:19 of 2nd period - Shot by Jaden Schwartz.
18:19 of 2nd period - Stopped by Devan Dubnyk with a rebound.
18:21 of 2nd period - Shot by Brandon Carlo.
18:21 of 2nd period - Shot Misses the Net.
18:23 of 2nd period - Shot by Justin Faulk.
18:23 of 2nd period - Stopped by Devan Dubnyk without a rebound.
18:24 of 2nd period - J.T. Miller wins face-off versus Phillip Danault in Predators zone.
18:24 of 2nd period - J.T. Miller is hit by Scott Laughton.
18:53 of 2nd period - Icing by Oscar Klefbom.
18:54 of 2nd period - J.T. Miller wins face-off versus Jared McCann in Predators zone.
Goals for this period are 0 for Predators vs 0 for BlackHawks.
Shots for this period are 14 for Predators vs 11 for BlackHawks.

3rd period


0:01 of 3rd period - Anze Kopitar wins face-off versus J.T. Miller in neutral zone.
0:08 of 3rd period - Shot by Anze Kopitar.
0:08 of 3rd period - Stopped by Devan Dubnyk without a rebound.
0:09 of 3rd period - Anze Kopitar wins face-off versus Evgeny Kuznetsov in Predators zone.
0:18 of 3rd period - Shot by Kyle Connor.
0:18 of 3rd period - Shot Misses the Net.
0:27 of 3rd period - Icing by Erik Johnson.
0:28 of 3rd period - Anze Kopitar wins face-off versus J.T. Miller in BlackHawks zone.
0:28 of 3rd period - Anze Kopitar is hit by Max Pacioretty.
0:54 of 3rd period - Shot by Anze Kopitar.
0:54 of 3rd period - Stopped by Devan Dubnyk without a rebound.
0:55 of 3rd period - Scott Laughton wins face-off versus Evgeny Kuznetsov in Predators zone.
1:02 of 3rd period - Shot by Kyle Palmieri.
1:02 of 3rd period - Goal by Kyle Palmieri - Predators : 1 - BlackHawks : 1.
1:03 of 3rd period - Phillip Danault wins face-off versus J.T. Compher in neutral zone.
1:05 of 3rd period - Kyle Palmieri is hit by Alex Tuch.
1:06 of 3rd period - Minor Penalty to Alex Tuch for Roughing.
1:07 of 3rd period - J.T. Miller wins face-off versus Phillip Danault in Predators zone.
1:07 of 3rd period - J.T. Miller is hit by Kyle Palmieri.
1:19 of 3rd period - Shot by Erik Johnson.
1:19 of 3rd period - Stopped by Devan Dubnyk without a rebound.
1:20 of 3rd period - Anze Kopitar wins face-off versus J.T. Miller in Predators zone.
1:24 of 3rd period - Jaden Schwartz is hit by Roman Josi and loses puck.
1:41 of 3rd period - Shot by Erik Johnson.
1:41 of 3rd period - Stopped by Devan Dubnyk with a rebound.
1:43 of 3rd period - Shot by Adam Larsson.
1:43 of 3rd period - Shot Blocked by Thomas Chabot.
1:45 of 3rd period - Shot by Jaden Schwartz.
1:45 of 3rd period - Goal by Jaden Schwartz - Predators : 1 - BlackHawks : 2.
1:46 of 3rd period - Evgeny Kuznetsov wins face-off versus Phillip Danault in neutral zone.
1:59 of 3rd period - Shot by Evgeny Kuznetsov.
1:59 of 3rd period - Shot Misses the Net.
2:08 of 3rd period - Icing by Brandon Carlo.
2:09 of 3rd period - Scott Laughton wins face-off versus J.T. Compher in BlackHawks zone.
2:09 of 3rd period - Scott Laughton is hit by Alexander Kerfoot.
2:12 of 3rd period - Icing by Phillip Danault.
2:13 of 3rd period - Phillip Danault wins face-off versus J.T. Miller in BlackHawks zone.
2:22 of 3rd period - Shot by Justin Faulk.
2:22 of 3rd period - Stopped by Devan Dubnyk with a rebound.
2:26 of 3rd period - Shot by Kyle Palmieri.
2:26 of 3rd period - Deflect By Phillip Danault.
2:26 of 3rd period - Stopped by Devan Dubnyk without a rebound.
2:27 of 3rd period - Anze Kopitar wins face-off versus J.T. Compher in Predators zone.
2:36 of 3rd period - Shot by Anze Kopitar.
2:36 of 3rd period - Shot Misses the Net.
2:47 of 3rd period - Adam Larsson is hit by Alex Tuch and loses puck.
3:40 of 3rd period - Off-side.
3:41 of 3rd period - Evgeny Kuznetsov wins face-off versus Jared McCann in neutral zone.
3:56 of 3rd period - Shot by Kyle Connor.
3:56 of 3rd period - Shot Misses the Net.
3:58 of 3rd period - Shot by Shea Theodore.
3:58 of 3rd period - Stopped by Jacob Markstrom without a rebound.
3:59 of 3rd period - J.T. Miller wins face-off versus Phillip Danault in BlackHawks zone.
4:15 of 3rd period - Steven Stamkos is hit by Justin Faulk and loses puck.
4:21 of 3rd period - Phillip Danault is hit by Steven Stamkos and loses puck.
4:37 of 3rd period - Minor Penalty to Roman Josi for Hooking.
4:38 of 3rd period - Anze Kopitar wins face-off versus J.T. Miller in Predators zone.
5:35 of 3rd period - Shot by Brandon Carlo.
5:35 of 3rd period - Stopped by Devan Dubnyk without a rebound.
5:36 of 3rd period - Phillip Danault wins face-off versus J.T. Miller in Predators zone.
5:54 of 3rd period - Shot by Scott Laughton.
5:54 of 3rd period - Stopped by Devan Dubnyk with a rebound.
5:56 of 3rd period - Shot by Scott Laughton.
5:56 of 3rd period - Deflect By Kyle Palmieri.
5:56 of 3rd period - Shot Misses the Net.
5:58 of 3rd period - Shot by Adam Larsson.
5:58 of 3rd period - Stopped by Devan Dubnyk without a rebound.
5:59 of 3rd period - Anze Kopitar wins face-off versus J.T. Compher in Predators zone.
6:48 of 3rd period - Shot by Lawson Crouse.
6:48 of 3rd period - Stopped by Devan Dubnyk without a rebound.
6:49 of 3rd period - Evgeny Kuznetsov wins face-off versus Jared McCann in Predators zone.
6:53 of 3rd period - Icing by Kyle Connor.
6:54 of 3rd period - Evgeny Kuznetsov wins face-off versus Phillip Danault in Predators zone.
7:00 of 3rd period - Icing by Kyle Connor.
7:01 of 3rd period - Ivan Barbashev wins face-off versus Kyle Connor in Predators zone.
7:04 of 3rd period - Shot by Phillip Danault.
7:04 of 3rd period - Stopped by Devan Dubnyk without a rebound.
7:05 of 3rd period - Phillip Danault wins face-off versus Evgeny Kuznetsov in Predators zone.
7:09 of 3rd period - Icing by Thomas Chabot.
7:10 of 3rd period - Anze Kopitar wins face-off versus Evgeny Kuznetsov in Predators zone.
7:20 of 3rd period - Kyle Connor is hit by Jaden Schwartz and loses puck.
7:21 of 3rd period - Minor Penalty to Jaden Schwartz for Roughing.
7:22 of 3rd period - J.T. Miller wins face-off versus Anze Kopitar in BlackHawks zone.
7:50 of 3rd period - Off-side.
7:51 of 3rd period - Anze Kopitar wins face-off versus Evgeny Kuznetsov in neutral zone.
8:11 of 3rd period - Icing by Thomas Chabot.
8:12 of 3rd period - Anze Kopitar wins face-off versus Evgeny Kuznetsov in Predators zone.
8:32 of 3rd period - Icing by Evgeny Kuznetsov.
8:33 of 3rd period - Anze Kopitar wins face-off versus Evgeny Kuznetsov in Predators zone.
8:36 of 3rd period - Shot by Phillip Danault.
8:36 of 3rd period - Shot Blocked by Oscar Klefbom.
8:42 of 3rd period - Shot by Anze Kopitar.
8:42 of 3rd period - Stopped by Devan Dubnyk without a rebound.
8:43 of 3rd period - J.T. Miller wins face-off versus Anze Kopitar in Predators zone.
9:25 of 3rd period - Shot by Jake Virtanen.
9:25 of 3rd period - Shot Misses the Net.
9:44 of 3rd period - Shot by Lawson Crouse.
9:44 of 3rd period - Stopped by Devan Dubnyk with a rebound.
9:46 of 3rd period - Shot by John Marino.
9:46 of 3rd period - Stopped by Devan Dubnyk without a rebound.
9:47 of 3rd period - Anze Kopitar wins face-off versus Victor Olofsson in Predators zone.
10:06 of 3rd period - Shot by Victor Olofsson.
10:06 of 3rd period - Stopped by Jacob Markstrom without a rebound.
10:07 of 3rd period - Jared McCann wins face-off versus Brendan Smith in BlackHawks zone.
10:12 of 3rd period - Jared McCann is hit by Oliver Ekman-Larsson and loses puck.
10:28 of 3rd period - Oliver Ekman-Larsson is hit by Brandon Carlo and loses puck.
10:41 of 3rd period - Shot by Jake Virtanen.
10:41 of 3rd period - Shot Misses the Net.
11:09 of 3rd period - Shot by Roman Josi.
11:09 of 3rd period - Shot Misses the Net.
11:22 of 3rd period - Minor Penalty to Anze Kopitar for Cross-checking.
11:23 of 3rd period - Evgeny Kuznetsov wins face-off versus Ivan Barbashev in BlackHawks zone.
11:32 of 3rd period - Shot by Kyle Connor.
11:32 of 3rd period - Shot Misses the Net.
11:34 of 3rd period - Shot by Roman Josi.
11:34 of 3rd period - Shot Misses the Net.
11:36 of 3rd period - Shot by Roman Josi.
11:36 of 3rd period - Goal by Roman Josi - Predators : 2 - BlackHawks : 2.
11:37 of 3rd period - Anze Kopitar wins face-off versus J.T. Compher in neutral zone.
11:52 of 3rd period - Shot by J.T. Compher.
11:52 of 3rd period - Deflect By Alex Tuch.
11:52 of 3rd period - Shot Misses the Net.
12:14 of 3rd period - Shot by Alexander Kerfoot.
12:14 of 3rd period - Stopped by Jacob Markstrom with a rebound.
12:52 of 3rd period - Shot by J.T. Miller.
12:52 of 3rd period - Stopped by Jacob Markstrom without a rebound.
12:53 of 3rd period - Kyle Palmieri wins face-off versus Evgeny Kuznetsov in BlackHawks zone.
13:08 of 3rd period - Shot by Evgeny Kuznetsov.
13:08 of 3rd period - Stopped by Jacob Markstrom without a rebound.
13:09 of 3rd period - Colton Sissons wins face-off versus Jared McCann in BlackHawks zone.
13:48 of 3rd period - Shot by Colton Sissons.
13:48 of 3rd period - Deflect By Tyler Pitlick.
13:48 of 3rd period - Stopped by Jacob Markstrom without a rebound.
13:49 of 3rd period - J.T. Miller wins face-off versus Scott Laughton in BlackHawks zone.
14:19 of 3rd period - Shot by Scott Laughton.
14:19 of 3rd period - Stopped by Devan Dubnyk without a rebound.
14:20 of 3rd period - Anze Kopitar wins face-off versus Evgeny Kuznetsov in Predators zone.
14:41 of 3rd period - Shot by Jaden Schwartz.
14:41 of 3rd period - Shot Misses the Net.
14:43 of 3rd period - Shot by Johnny Boychuk.
14:43 of 3rd period - Shot Blocked by Shea Theodore.
14:45 of 3rd period - Shot by Jaden Schwartz.
14:45 of 3rd period - Stopped by Devan Dubnyk without a rebound.
14:46 of 3rd period - Jared McCann wins face-off versus J.T. Compher in Predators zone.
14:51 of 3rd period - Shot by Jake Virtanen.
14:51 of 3rd period - Stopped by Devan Dubnyk without a rebound.
14:52 of 3rd period - Phillip Danault wins face-off versus J.T. Miller in Predators zone.
15:06 of 3rd period - Icing by Roman Josi.
15:07 of 3rd period - J.T. Miller wins face-off versus Jaden Schwartz in Predators zone.
15:07 of 3rd period - J.T. Miller is hit by Jaden Schwartz.
15:20 of 3rd period - J.T. Miller is hit by Justin Faulk and loses puck.
15:29 of 3rd period - Shot by Roman Josi.
15:29 of 3rd period - Deflect By Steven Stamkos.
15:29 of 3rd period - Shot Blocked by Brandon Carlo.
15:33 of 3rd period - Shot by Steven Stamkos.
15:33 of 3rd period - Shot Blocked by Jaden Schwartz.
15:43 of 3rd period - Shot by J.T. Miller.
15:43 of 3rd period - Shot Misses the Net.
15:45 of 3rd period - Shot by Roman Josi.
15:45 of 3rd period - Shot Misses the Net.
16:26 of 3rd period - Off-side.
16:27 of 3rd period - Jared McCann wins face-off versus J.T. Compher in neutral zone.
16:34 of 3rd period - Off-side.
16:35 of 3rd period - Jared McCann wins face-off versus J.T. Compher in neutral zone.
16:38 of 3rd period - Alex Tuch is hit by Jake Virtanen and loses puck.
16:59 of 3rd period - Shot by J.T. Compher.
16:59 of 3rd period - Stopped by Jacob Markstrom without a rebound.
17:00 of 3rd period - Evgeny Kuznetsov wins face-off versus Kyle Palmieri in BlackHawks zone.
17:35 of 3rd period - Kyle Connor is hit by John Marino and loses puck.
18:14 of 3rd period - Shot by J.T. Miller.
18:14 of 3rd period - Shot Blocked by John Marino.
18:16 of 3rd period - Shot by Shea Theodore.
18:16 of 3rd period - Goal by Shea Theodore - Predators : 3 - BlackHawks : 2.
18:17 of 3rd period - J.T. Compher wins face-off versus Anze Kopitar in neutral zone.
18:20 of 3rd period - Anze Kopitar is hit by Alexander Kerfoot and loses puck.
18:47 of 3rd period - Icing by Roman Josi.
18:48 of 3rd period - J.T. Compher wins face-off versus Jared McCann in Predators zone.
19:04 of 3rd period - BlackHawks, Jacob Markstrom is pulled from the net.
19:52 of 3rd period - Shot by Phil Kessel.
19:52 of 3rd period - Shot Misses the Net.
19:54 of 3rd period - Shot by Jaden Schwartz.
19:54 of 3rd period - Shot Misses the Net.
19:59 of 3rd period - Minor Penalty to J.T. Miller for Hooking.
Goals for this period are 2 for Predators vs 2 for BlackHawks.
Shots for this period are 9 for Predators vs 19 for BlackHawks.